 Dungeon Sprint DCSS version 0.26-a0-542-gbaa144b (webtiles) character file.

Game seed: 11916209954065651094

632 DikBut the Black Belt (level 7, 0/52 HPs)
             Began as a Red Draconian Transmuter on Aug 18, 2020.
             Was an Initiate of Wu Jian.
             Slain by Sonja
             ... wielding a +0 short sword of distortion
              (1 damage)
             ... in the Dungeon (Sprint I: "Red Sonja").
             The game lasted 00:02:24 (451 turns).

DikBut the Black Belt (Red Draconian Transmuter)     Turns: 451, Time: 00:02:24

Health: 0/52       AC:  6    Str: 12    XL:     7   Next: 24%
Magic:  9/10       EV: 12    Int: 14    God:    Wu Jian [......]
Gold:   162        SH:  0    Dex: 13    Spells: 9/10 levels left

rFire    + . .     SeeInvis .     - Unarmed
rCold    . . .     Faith    .   (no shield)
rNeg     . . .     Spirit   .   (armour unavailable)
rPois    .         Reflect  .   (helmet currently unavailable)
rElec    .         Harm     .   (no cloak)
rCorr    .         NoTele   +   (no gloves)
MR       .....                  (boots currently unavailable)
Stlth    +.........             (no amulet)
HPRegen  0.17/turn              (no ring)
MPRegen  0.12/turn              (no ring)

@: lethally poisoned (0 -> -6), appendages (expiring), slowed, very slow
A: breathe fire, unfitting armour, horns 2, talons 2, fire resistance 1,
cold-blooded, AC +6
a: Breathe Fire, End Transformation, Renounce Religion


You were in the Dungeon.
You worshipped Wu Jian.
Wu Jian was noncommittal.
You had grown temporary horns.
You had grown temporary talons.
You visited 1 branch You collected 162 gold pieces.

Inventory:

Missiles
 i - 5 curare-tipped darts (quivered)
Wands
 a - a wand of digging (5)
Scrolls
 g - a scroll of blinking
 h - a scroll of magic mapping {unknown}
Potions
 b - 2 potions of curing
 c - a potion of heal wounds
 d - a potion of haste
 e - 2 potions of magic
 f - a potion of berserk rage


   Skills:
 - Level 1.1 Fighting
 - Level 1.7 Dodging
 - Level 15.1 Unarmed Combat
 * Level 2.0 Spellcasting
 * Level 2.0 Transmutations


You had 9 spell levels left.
You knew the following spells:

 Your Spells              Type           Power        Failure   Level
a - Beastly Appendage     Tmut           #.....       11%         1

Your spell library contained the following spells:

 Spells                   Type           Power        Failure   Level
 Wereblood                Tmut           #.......     16%         2
 Spider Form              Tmut/Pois      #.........   43%         3
 Ice Form                 Ice/Tmut       #.......     83%         4
 Blade Hands              Tmut           #.........   96%         5


Dungeon Overview and Level Annotations

Branches:
Dungeon (1/1)

Altars:
Cheibriados
Dithmenos
Elyvilon
Fedhas
Gozag
Hepliaklqana
Kikubaaqudgha
Makhleb
Nemelex Xobeh
Okawaru
Qazlal
Ru
Sif Muna
Trog
Uskayaw
Vehumet
Wu Jian
Xom
Yredelemnul
Zin
The Shining One
Jiyva
Lugonu

Shops:
D [

Annotations:
D Sonja


Innate Abilities, Weirdness & Mutations

You can breathe blasts of fire.
Your fiery red scales are hard. (AC +6)
You cannot fit into any form of body armour.
Your flesh is heat resistant. (rF+)
You are cold-blooded and may be slowed by cold attacks.
You have a pair of horns on your head.
You have razor-sharp toenails.


Message History

Sonja throws a curare-tipped dart.
The curare-tipped dart barely misses you.
There is an open door here.
Your transformation is almost over.
You feel sick.
Sonja throws a curare-tipped dart.
The curare-tipped dart barely misses you.
You completely miss Sonja.
You feel sick. Sonja closely misses you. Sonja hits you but does no damage.
Space bends around you. Sonja closely misses you.
You barely miss Sonja. Your kick misses Sonja.
You feel sick.
Sonja hits you with a +0 short sword of distortion!
* * * LOW HITPOINT WARNING * * *
Space bends around you.
* * * LOW HITPOINT WARNING * * *
Sonja hits you with a +0 short sword of distortion.
* * * LOW HITPOINT WARNING * * *
Space bends around you.
* * * LOW HITPOINT WARNING * * *
Sonja hits you with a +0 short sword of distortion.
You die...

#..').#..').#..'..+
#..#####'#####'#__#
#..####..# #.####
#..#__#### ##.#
#..#_____##+#_.+
#⌠⌠#_.∩...'.(._#
####_..__##_(#+#
#_____###'# #######
#@#


+$K$+ #$.$# ##.## #+# You could see Sonja.

Vanquished Creatures
  A slime creature (D)
  Sigmund (D)
  A yak (D)
  An ogre (D)
  A jelly (D)
  Ijyb (D)
6 creatures vanquished.

Notes
Turn   | Place    | Note
-------+----------+-------------------------------------------
     0 | D        | DikBut the Draconian Transmuter began the quest for the
                  | Orb.
     0 | D        | Reached XP level 1. HP: 16/16 MP: 3/3
     3 | D        | Noticed Ijyb
    16 | D        | Killed Ijyb
    16 | D        | Reached skill level 6 in Unarmed Combat
    16 | D        | Reached XP level 2. HP: 19/23 MP: 5/5
    22 | D        | Noticed an ogre
    29 | D        | Killed an ogre
    29 | D        | Reached skill level 9 in Unarmed Combat
    29 | D        | Reached XP level 3. HP: 17/28 MP: 4/6
    29 | D        | Reached XP level 4. HP: 22/35 MP: 4/7
    65 | D        | Noticed Sigmund
    71 | D        | Killed Sigmund
    71 | D        | Reached skill level 12 in Unarmed Combat
    71 | D        | Reached XP level 5. HP: 29/40 MP: 6/8
    71 | D        | Reached XP level 6. HP: 34/47 MP: 6/9
   106 | D        | Found a burning altar of Makhleb.
   106 | D        | Found a viscous altar of Jiyva.
   106 | D        | Found a shimmering altar of Xom.
   106 | D        | Found a corrupted altar of Lugonu.
   106 | D        | Noticed a slime creature
   114 | D        | Killed a slime creature
   114 | D        | Reached skill level 14 in Unarmed Combat
   400 | D        | Found an ornate altar of the Wu Jian Council.
   400 | D        | Found a shimmering blue altar of Sif Muna.
   402 | D        | Found a radiant altar of Vehumet.
   416 | D        | Became a worshipper of the Wu Jian Council
   431 | D        | Found Motu's Antique Armour Emporium.
   431 | D        | Found an ancient bone altar of Kikubaaqudgha.
   431 | D        | Found a hazy altar of Hepliaklqana.
   431 | D        | Found a stormy altar of Qazlal.
   431 | D        | Found a hide-covered altar of Uskayaw.
   431 | D        | Found a blossoming altar of Fedhas.
   431 | D        | Found a bloodstained altar of Trog.
   431 | D        | Found an iron altar of Okawaru.
   431 | D        | Found a basalt altar of Yredelemnul.
   431 | D        | Found a glowing golden altar of the Shining One.
   431 | D        | Found a snail-covered altar of Cheibriados.
   431 | D        | Found a sacrificial altar of Ru.
   431 | D        | Found a glowing silver altar of Zin.
   431 | D        | Found a shadowy altar of Dithmenos.
   431 | D        | Found a white marble altar of Elyvilon.
   431 | D        | Noticed a yak
   433 | D        | Found an opulent altar of Gozag.
   436 | D        | Killed a yak
   436 | D        | Reached skill level 15 in Unarmed Combat
   436 | D        | Your scales start taking on a fiery red colour.
   436 | D        | Reached XP level 7. HP: 37/52 MP: 8/10
   436 | D        | Gained mutation: Your flesh is heat resistant. (rF+) [Red
                  | Draconian growth]
   437 | D        | Found a sparkling altar of Nemelex Xobeh.
   446 | D        | Noticed Sonja
   451 | D        | HP: 1/52 [Sonja/+0 short sword of distortion (5)]
   451 | D        | Slain by Sonja

Illustrated notes

Levels and vault maps discovered:
D:        dungeon_sprint_1 [red_sonja_temple_1, red_sonja_temple_small_1]

Skill      XL: |  1  2  3  4  5  6 |
---------------+-------------------+-----
Unarmed Combat | 6 9 12 15 | 15.1
Fighting       | |  1.1
Dodging        | |  1.7
Spellcasting   | |  2.0
Transmutations | |  2.0

Action                   |  1- 3 |  4- 6 |  7- 9 || total
-------------------------+-------+-------+-------++-------
Melee: Unarmed           |    18 |    17 |     2 ||    37
       Headbutt          |     4 |     4 |       ||     8
       Kick              |     4 |     2 |       ||     6
       Tailslap          |     5 |     5 |       ||    10
       Punch             |       |     1 |       ||     1
 Cast: Beastly Appendage |     2 |     3 |     1 ||     6
Invok: Lunge             |       |     1 |       ||     1
 Stab: Sleeping          |       |     1 |       ||     1
Armor: Skin              |     2 |     1 |     1 ||     4
Dodge: Dodged            |     9 |     6 |     7 ||    22

Table legend: (Time is in decaauts)
 A = Elapsed time spent in this place.
 B = Non-inter-level travel time spent in this place.
 C = Inter-level travel time spent in this place.
 D = Time resting spent in this place.
 E = Time spent auto-exploring this place.
 F = Levels seen in this place.
 G = Mean time per level.
                   A        B        C        D        E       F      G
               +--------+--------+--------+--------+--------+-----+--------+
         Total |    447 |    447 |      0 |    312 |      0 |   1 |  447.0 |
       Dungeon |    447 |    447 |      0 |    312 |      0 |   1 |  447.0 |
               +--------+--------+--------+--------+--------+-----+--------+

Top non-repeatable levels by time:
       D: 447 daAuts
